 Dungeon Crawl Stone Soup version 0.28-a0-909-g796cbd3a86 (webtiles) character file.

Game seed: 15937401970025131657

498 Peloso the Covered (level 6, 0/56 HPs)
             Began as a Minotaur Fighter on Nov 24, 2021.
             Slain by a centaur (3 damage)
             ... on level 5 of the Dungeon.
             The game lasted 00:06:40 (4285 turns).

Peloso the Covered (Minotaur Fighter)               Turns: 4285, Time: 00:06:41

Health: 0/56       AC: 12    Str: 21    XL:     6   Next: 94%
Magic:  5/5        EV:  4    Int:  5    God:
Gold:   206        SH:  9    Dex: 11    Spells: 5/5 levels left

rFire   . . .      SeeInvis .   a - +0 long sword
rCold   . . .      Faith    .   c - +0 kite shield
rNeg    . . .      Spirit   .   i - +0 plate armour
rPois   .          Reflect  .   (helmet restricted)
rElec   .          Harm     .   (no cloak)
rCorr   .          Rampage  .   (no gloves)
Will    .....                   (no boots)
Stlth   ..........              (no amulet)
HPRegen 0.18/turn               (no ring)
MPRegen 0.09/turn               (no ring)

@: no status effects
A: horns 2, retaliatory headbutt
a: no special abilities


You were on level 5 of the Dungeon.
You visited 1 branch of the dungeon, and saw 5 of its levels.

You collected 206 gold pieces.

Inventory:

Hand Weapons
 a - a +0 long sword (weapon)
Armour
 b - a +0 scale mail
 c - a +0 kite shield (worn)
 i - a +0 plate armour (worn)
Scrolls
 f - 2 scrolls of amnesia {unknown}
 g - 2 scrolls of summoning {unknown}
 k - 3 scrolls of teleportation {unknown}
 l - a scroll of torment {unknown}
 m - 2 scrolls of fear
 o - a scroll of acquirement
Potions
 d - a potion of might
 h - a potion of haste
 j - a potion of attraction {unknown}
 p - a potion of flight {unknown}
 q - a potion of cancellation {unknown}
 r - 2 potions of invisibility {unknown}


   Skills:
 + Level 5.1 Fighting
 + Level 5.1 Long Blades
 + Level 6.3 Armour
 + Level 0.5 Dodging
 + Level 5.1 Shields


You had 5 spell levels left.
You didn't know any spells.
Your spell library contained the following spells:

 Spells                   Type           Power      Damage    Failure   Level
 Conjure Flame            Conj/Fire      0%         6-21      100%        3
 Gell's Gravitas          Tloc           0%         N/A       100%        3
 Ignite Poison            Fire/Tmut/Pois 0%         N/A       100%        3
 Lesser Beckoning         Tloc           0%         N/A       100%        3
 Teleport Other           Tloc           0%         N/A       100%        3
 Sticky Flame             Conj/Fire      0%         2d3       100%        4
 Dispersal                Tloc           0%         N/A       100%        6


Dungeon Overview and Level Annotations

Branches:
Dungeon (5/15)
 Temple: D:4-7

Altars:
Nemelex Xobeh
Trog
Vehumet
Xom


Innate Abilities, Weirdness & Mutations

You have a pair of horns on your head.
You reflexively headbutt those who attack you in melee.


Message History

You hit the orc. You headbutt the orc, but do no damage.
The orc is heavily wounded.
The centaur barely misses you.
The centaur kicks you but does no damage.
The orc hits you with a +2 vorpal war axe.
* * * LOW HITPOINT WARNING * * *
x2 The centaur hits you.
* * * LOW HITPOINT WARNING * * *
The centaur kicks you but does no damage.
The orc hits you with a +2 flail of holy wrath.
* * * LOW HITPOINT WARNING * * *
You barely miss the orc. You headbutt the orc.
You kill the orc!
The centaur hits you but does no damage.
The centaur kicks you but does no damage.
You block the orc's attack.
The centaur hits you but does no damage.
The centaur barely misses you.
You hit the orc. You headbutt the orc.
You kill the orc!
The centaur hits you but does no damage.
The centaur kicks you but does no damage.
The centaur hits you.
* * * LOW HITPOINT WARNING * * *
The centaur barely misses you.
Okay, then.
You slash the centaur!
The centaur is moderately wounded.
The centaur barely misses you. You block the centaur's attack. x2
The centaur kicks you but does no damage.
Unknown command.
You hit the centaur.
The centaur is severely wounded.
The centaur hits you but does no damage.
The centaur completely misses you. You block the centaur's attack. x2
Unknown command.
You hit the centaur.
The centaur is severely wounded.
The centaur hits you.
You die...

#.. .. #(.# .#
..###≈# #.....
#.... #...###
#.c)..# ##))@.$#
#..###≈# #..# #
### #########..#
..# #.......))##
#.###.....###).#
..........o..).#
#####...o.###)##
#.o...# #.#


You could see a centaur.

Vanquished Creatures
  A necrophage (D:4)
  A scorpion (D:2)
  A bullfrog zombie (D:5)
  2 hounds (D:5)
  2 jellies (D:4)
  An orc priest (D:5)
  Robin (D:2)
  5 adders
  5 dart slugs
  2 worms
  16 orcs
  5 bats
  3 endoplasms
  3 giant cockroaches
  13 goblins
  6 hobgoblins
  4 jackals (D:3)
  3 quokkas
  8 ball pythons
  3 frilled lizards
  5 kobolds
  3 rats
93 creatures vanquished.

Vanquished Creatures (others)
  A ball python (D:4)
1 creature vanquished.

Grand Total: 94 creatures vanquished

Notes
Turn   | Place    | Note
-------+----------+-------------------------------------------
     0 | D:1      | Peloso the Minotaur Fighter began the quest for the Orb.
     0 | D:1      | Reached XP level 1. HP: 19/19 MP: 0/0
   172 | D:1      | Reached XP level 2. HP: 27/27 MP: 1/1
   403 | D:1      | Found a faded altar of an unknown god.
   872 | D:2      | Reached skill level 4 in Armour
   872 | D:2      | Reached XP level 3. HP: 25/33 MP: 2/2
   951 | D:2      | Noticed Robin
  1000 | D:2      | Killed Robin
  1183 | D:2      | Reached XP level 4. HP: 37/40 MP: 3/3
  1555 | D:2      | Noticed a scorpion
  1571 | D:2      | Killed a scorpion
  1866 | D:3      | Reached XP level 5. HP: 39/47 MP: 4/4
  1929 | D:3      | Reached skill level 5 in Armour
  2156 | D:3      | Found a bloodstained altar of Trog.
  2164 | D:3      | Found a sparkling altar of Nemelex Xobeh.
  2636 | D:4      | Found a radiant altar of Vehumet.
  2732 | D:4      | Reached skill level 5 in Shields
  2952 | D:4      | Noticed a necrophage
  2968 | D:4      | Killed a necrophage
  2969 | D:4      | Reached XP level 6. HP: 38/55 MP: 5/5
  3637 | D:4      | Found a shimmering altar of Xom.
  3957 | D:5      | Entered Level 5 of the Dungeon
  4163 | D:5      | Reached skill level 6 in Armour
  4166 | D:5      | Identified a scroll of acquirement
  4190 | D:5      | Reached skill level 5 in Long Blades
  4277 | D:5      | Reached skill level 5 in Fighting
  4282 | D:5      | HP: 2/56 [centaur (4)]
  4285 | D:5      | Slain by a centaur

Illustrated notes

Levels and vault maps discovered:
D:1:      pf_arrival_petrified_forest, layout_basic,
          hellmonk_ecumenical_altar_heavens_door, minivault_26,
          amethyst_killhole, dk_noncrumbling_3
D:2:      layout_loops_cross, uniq_robin
D:3:      layout_loops_cross, nemelex_diamond_rough_becter,
          mainiacjoe_overflow_cross_hatched, serial_glass, glass_columns_a,
          glass_columns_c, glass_columns_a, glass_columns_b, glass_columns_a,
          glass_columns_a, glass_columns_c, glass_columns_a
D:4:      layout_basic, fiery_altar_vehumet, mainiacjoe_overflow_tiny_flanked
D:5:      layout_loops_ring, worldfamousw_hep_ancestral_shrine,
          hangedman_ru_absence

Skill      XL: |  1  2  3  4  5  6 |
---------------+-------------------+-----
Fighting       | 4 5 |  5.1
Shields        | 4 5 |  5.1
Armour         | 4 5 6 |  6.3
Long Blades    | 3 4 5 |  5.1
Dodging        | |  0.5

Action                   |  1- 3 |  4- 6 || total
-------------------------+-------+-------++-------
Melee: Long sword        |    78 |   153 ||   231
       Headbutt          |    13 |    31 ||    44
  Use: Scroll            |       |     3 ||     3
       Potion            |       |     3 ||     3
Armor: Scale mail        |    17 |       ||    17
       Plate armour      |    33 |   140 ||   173
Dodge: Dodged            |    36 |    58 ||    94
Block: Buckler           |    20 |    19 ||    39
       Kite shield       |       |    45 ||    45

Table legend: (Time is in decaauts)
 A = Elapsed time spent in this place.
 B = Non-inter-level travel time spent in this place.
 C = Inter-level travel time spent in this place.
 D = Time resting spent in this place.
 E = Time spent auto-exploring this place.
 F = Levels seen in this place.
 G = Mean time per level.
                   A        B        C        D        E       F      G
               +--------+--------+--------+--------+--------+-----+--------+
         Total |   4346 |   4145 |    201 |      2 |   3263 |   5 |  869.2 |
       Dungeon |   4346 |   4145 |    201 |      2 |   3263 |   5 |  869.2 |
               +--------+--------+--------+--------+--------+-----+--------+

Top non-repeatable levels by time:
     D:4: 1360 daAuts
     D:2: 1020 daAuts
     D:1: 848 daAuts
     D:3: 770 daAuts
     D:5: 345 daAuts
